AoeStats
← GUSTAVO-nardes

Black Forest

510111327Analyzed
3v3 RM · 1d ago on Sep 29, 2026· 74m 14s· 6 players
Game mode
Random Map
Map size
Normal (6 player)
Population
200
Speed
Normal
Resources
Standard
Victory
Conquest
Starting age
Dark Age
Ending age
Imperial Age
RankedLock teamsTeams togetherTeam positionsShared explorationLock speedFull tech treeHidden civsTurbo modeCheats
Victory
Defeat
🇨🇿 Britons · Czechia
655
+10
🇧🇷 Saxons · Brazil
651
+10
🇨🇱 Vietnamese · Chile
608
+12
🇬🇧 Wu · United Kingdom
551
-11
🇮🇪 Huns · Ireland
524
-11
🇹🇷 Bohemians · Türkiye
500
-10
GUSTAVO-nardes
1:10 Loom
12:30 Feudal Age
13:48 Arson
13:57 Double-Bit Axe
21:36 Castle Age
20:46 Scale Mail Armor
20:47 Padded Archer Armor
20:59 Forging
20:55 Scale Barding Armor
21:03 Horse Collar
24:08 Squires
23:56 Gambesons
24:01 Light Cavalry
24:51 Bloodlines
24:42 Husbandry
27:14 Wheelbarrow
28:00 Fletching
33:32 Chain Mail Armor
33:33 Leather Archer Armor
33:13 Bodkin Arrow
37:58 Imperial Age
40:35 Elite Varangian Guard
42:22 Bracer
42:57 Iron Casting
42:53 Plate Mail Armor
43:48 Pikeman
45:12 Hussar
49:10 Ring Archer Armor
49:02 Chain Barding Armor
51:09 Halberdier
52:00 Shield Wall
74:25 Conscription
74:46 Hoardings
MightyOwl
3:32 Loom
9:47 Feudal Age
10:27 Town Watch
10:25 Horse Collar
10:36 Double-Bit Axe
24:44 Castle Age
25:29 Wheelbarrow
25:46 Padded Archer Armor
25:36 Fletching
26:25 Squires
31:17 Yeomen
30:40 Pikeman
32:21 Bow Saw
32:03 Gold Mining
32:10 Stone Mining
32:19 Bodkin Arrow
35:26 Ballistics
35:03 Murder Holes
35:01 Arson
36:43 Town Patrol
43:21 Imperial Age
41:35 Masonry
41:47 Fortified Wall
43:30 Elite Longbowman
44:52 Conscription
44:58 Conscription
45:44 Chemistry
44:48 Bracer
45:01 Heavy Plow
46:30 Fervor
46:47 Conscription
46:31 Warwolf
47:13 Leather Archer Armor
47:00 Scale Mail Armor
47:11 Forging
50:36 Ring Archer Armor
50:21 Chain Mail Armor
50:41 Iron Casting
50:05 Halberdier
54:52 Warwolf
58:41 Sappers
59:32 Conscription
59:15 Warwolf
69:07 Plate Mail Armor
69:38 Blast Furnace
TorreOdin
18:52 Feudal Age
21:12 Wheelbarrow
20:19 Horse Collar
20:29 Double-Bit Axe
24:06 Castle Age
25:39 Hand Cart
25:27 Heavy Plow
25:42 Bow Saw
35:48 Caravan
40:01 Imperial Age
37:32 Gold Mining
37:33 Stone Mining
40:23 Chatras
40:24 Fletching
40:34 Padded Archer Armor
44:21 Chemistry
43:38 Leather Archer Armor
43:35 Forging
43:25 Scale Mail Armor
42:53 Elite Skirmisher
42:59 Elite Rattan Archer
45:29 Two-Man Saw
46:16 Ring Archer Armor
45:41 Bodkin Arrow
46:09 Paper Money
47:57 Elite Battle Elephant
50:21 Imperial Skirmisher
51:41 Iron Casting
51:07 Bracer
58:20 Chain Mail Armor
58:10 Scale Barding Armor
KnightsTemplar
13:38 Feudal Age
12:52 Loom
14:09 Double-Bit Axe
14:09 Horse Collar
15:48 Gold Mining
20:03 Castle Age
19:28 Scale Mail Armor
19:41 Forging
19:33 Padded Archer Armor
20:38 Arson
21:35 Bow Saw
22:02 Stone Mining
23:10 Squires
24:03 Heavy Plow
25:51 Wheelbarrow
27:57 Stone Shaft Mining
27:57 Gold Shaft Mining
27:13 Town Watch
28:02 Treadmill Crane
28:58 Ballistics
28:36 Murder Holes
28:53 Masonry
29:40 Heated Shot
32:38 Hand Cart
32:53 Fletching
33:32 Caravan
34:51 Town Patrol
37:21 Red Cliffs Tactics
39:58 Imperial Age
37:32 Town Patrol
41:45 Elite Fire Archer
42:27 Sitting Tiger
42:49 Conscription
42:17 Man-at-Arms
42:56 Crossbowman
47:48 Chemistry
47:19 Architecture
52:41 Pikeman
53:54 Halberdier
53:54 Long Swordsman
FZL
4:11 Loom
12:38 Feudal Age
13:27 Double-Bit Axe
13:24 Horse Collar
17:05 Wheelbarrow
23:45 Castle Age
25:16 Bow Saw
33:42 Caravan
35:04 Chemistry
35:31 Wagenburg Tactics
36:06 Ballistics
38:59 Imperial Age
37:44 Guard Tower
38:05 Fortified Wall
37:50 Murder Holes
38:07 Masonry
37:57 Fletching
38:08 Padded Archer Armor
38:22 Forging
38:53 Bodkin Arrow
39:41 Wheelbarrow
38:58 Town Watch
39:24 Heavy Plow
40:25 Houfnice
41:16 Elite Hussite Wagon
42:20 Hussite Reforms
44:24 Sappers
45:15 Conscription
45:18 Leather Archer Armor
45:04 Bracer
45:40 Iron Casting
45:48 Pikeman
46:31 Squires
46:17 Arson
62:48 Halberdier
68:53 Elite Skirmisher
RAMCO
13:58 Feudal Age
24:10 Castle Age
26:46 Double-Bit Axe
37:30 Bow Saw
37:17 Stone Mining
37:21 Gold Mining
41:53 Imperial Age
39:55 Squires
39:16 Pikeman
40:34 Padded Archer Armor
40:35 Scale Mail Armor
41:31 Leather Archer Armor
41:06 Fletching
41:31 Forging
42:51 Chain Mail Armor
42:38 Bodkin Arrow
43:23 Iron Casting
42:55 Scale Barding Armor
42:21 Halberdier
44:14 Arson
44:52 Bracer
45:55 Blast Furnace
72:51 Two-Man Saw
Connection lost

Rejoining the realm…

Still unreachable

The connection could not be restored.

Session expired

The server has moved on; the page needs a fresh start.